 Dungeon Crawl Stone Soup version 0.22.2-1-ge965b3aba3 (webtiles) character file.

122 Freitmort the Magician (level 4, -3/24 HPs)
             Began as a Deep Elf Fire Elementalist on Sept 27, 2019.
             Killed from afar by an orc wizard (8 damage)
             ... with a magic dart
             ... on level 2 of the Dungeon.
             The game lasted 00:18:30 (3909 turns).

Freitmort the Magician (Deep Elf Fire Elementalist) Turns: 3909, Time: 00:18:31

Health: -3/24      AC:  3    Str:  6    XL:     4   Next: 78%
Magic:  8/12       EV: 19    Int: 25    God:
Gold:   82         SH:  0    Dex: 20    Spells: 2/12 levels left

rFire    + . .     SeeInvis .   b - +1 short sword
rCold    x . .     Gourm    .   (no shield)
rNeg     . . .     Faith    +   a - +0 robe
rPois    .         Spirit   .   (no helmet)
rElec    .         Reflect  .   i - +0 cloak
rCorr    .         Harm     .   (no gloves)
MR       +....                  (no boots)
Stlth    ++++......             k - amulet of faith
HPRegen  0.08/turn              d - ring of fire
MPRegen  0.13/turn              n - ring of protection from magic

@: brilliant, agile
A: no striking features
a: no special abilities


You were on level 2 of the Dungeon.
You were not hungry.

You visited 1 branch of the dungeon, and saw 3 of its levels.

You collected 82 gold pieces.

Inventory:

Hand Weapons
 b - a +1 short sword (weapon)
Missiles
 e - 11 poisoned needles
Armour
 a - a +0 robe (worn)
 i - a +0 cloak (worn)
Jewellery
 d - a ring of fire (left hand)
 k - an amulet of faith (around neck)
 n - a ring of protection from magic (right hand)
Scrolls
 h - a scroll of identify
 o - a scroll of remove curse
Potions
 f - a potion of berserk rage {unknown}
 g - a potion of lignification {unknown}
 m - a potion of brilliance
Comestibles
 c - 8 rations


   Skills:
 + Level 0.2 Short Blades
 + Level 3.1 Dodging
 + Level 2.8 Stealth
 + Level 4.5 Spellcasting
 * Level 2.6 Conjurations
 + Level 4.1 Fire Magic


You had 2 spell levels left.
You knew the following spells:

 Your Spells              Type           Power        Failure   Level  Hunger
a - Flame Tongue          Conj/Fire      #####        1%          1    None
b - Throw Flame           Conj/Fire      ######       1%          2    None
c - Conjure Flame         Conj/Fire      ######..     1%          3    ##.....
d - Sticky Flame          Conj/Fire      ######..     2%          4    ####...

Your spell library contained the following spells:

 Spells                   Type           Power        Failure   Level  Hunger
 Inner Flame              Hex/Fire       #####...     1%          3    ##.....
 Fireball                 Conj/Fire      ######....   7%          5    #####..


Dungeon Overview and Level Annotations

Branches:
Dungeon (3/15)

Altars:
Xom


Message History

The magic dart hits you!
* * * LOW HITPOINT WARNING * * *
Casting: Sticky Flame (safe; 2% risk of failure)
Confirm with . or Enter, or press ? or * to list all spells.
You don't have enough magic to cast that spell.
It was a potion of curing.
You feel better. The orc wizard hits you with a dagger.
It was a potion of agility.
You feel agile all of a sudden. The orc wizard barely misses you.
Your magical contamination has completely faded away.
The orc wizard casts a spell at you. The magic dart hits you!
* * * LOW HITPOINT WARNING * * *
The orc wizard gestures at you while chanting.
You resist with almost no effort.
You see here a club.
The orc wizard points at you and mumbles some strange words.
The magic dart hits you!
You die... ..### #.##.###.# #)# ## PP.P#

#.##.###.# #.# # .♣..##
#.##..##.# #.# # ♣♣P..#
#.###.##.# #.# ## ♣♣♣P.# #.#
#.##.# #.# ##. ♣♣PP.# #.###.##<#
##.# ##.. ♣♣.P.# #........# ##..#
##...
.PPP####...#)#########...####....
....+...........@)..o.......'....
(...####.....#########...####o...
...## ##.#### ##..# ##... ..##
#.# ##.# ##.. .## #<# #.# ##. .#
#.# #.# ## .# #.# #.# # .# #.#
#.# ###### .# #.# #.# #.....


You could see an orc wizard.

Vanquished Creatures
  An orc priest (D:3)
  An adder (D:2)
  An ooze (D:1)
  2 dart slugs (D:2)
  3 leopard geckos
  4 orcs (D:3)
  A ball python (D:1)
  A giant cockroach (D:1)
  4 goblins (D:1)
  6 hobgoblins
  12 jackals
  8 kobolds
  4 bats
  6 frilled lizards
  14 rats
68 creatures vanquished.

Notes
Turn   | Place    | Note
-------+----------+-------------------------------------------
     0 | D:1      | Freitmort the Deep Elf Fire Elementalist began the quest
                  | for the Orb.
     0 | D:1      | Reached XP level 1. HP: 10/10 MP: 6/6
   563 | D:2      | Reached XP level 2. HP: 15/15 MP: 4/8
   881 | D:1      | Learned a level 2 spell: Throw Flame
   996 | D:1      | Reached XP level 3. HP: 17/19 MP: 0/10
  1340 | D:1      | Learned a level 3 spell: Conjure Flame
  2184 | D:2      | Reached XP level 4. HP: 23/24 MP: 3/12
  3081 | D:2      | Found a shimmering altar of Xom.
  3751 | D:2      | Learned a level 4 spell: Sticky Flame
  3909 | D:2      | Killed from afar by an orc wizard

Skill      XL: |  1  2  3  4 |
---------------+-------------+-----
Dodging        | 3 |  3.1
Spellcasting   | 4 |  4.5
Conjurations   | 2 |  2.6
Fire Magic     | 4 |  4.1
Short Blades   | |  0.2
Stealth        | |  2.8

Action                   |  1- 3 |  4- 6 || total
-------------------------+-------+-------++-------
Melee: Short sword       |    13 |     3 ||    16
 Cast: Flame Tongue      |    66 |    18 ||    84
       Throw Flame       |    13 |    22 ||    35
       Conjure Flame     |       |     2 ||     2
       Sticky Flame      |       |     1 ||     1
  Use: Scroll            |     3 |     2 ||     5
       Potion            |       |     3 ||     3
  Eat: Chunk             |     4 |     1 ||     5
       Ration            |       |     2 ||     2
Armor: Robe              |     5 |     3 ||     8
Dodge: Dodged            |    27 |    13 ||    40
